 Dungeon Crawl Stone Soup version 0.23.1 (webtiles) character file.

Game seed: 10610331084021417281

479 LLavrengius the Magician (level 6, 0/52 HPs)
             Began as a Draconian Wizard on Mar 2, 2019.
             Slain by a shadow imp (1 damage)
             ... on level 4 of the Dungeon.
             The game lasted 00:28:09 (6115 turns).

LLavrengius the Magician (Draconian Wizard)         Turns: 6115, Time: 00:28:09

Health: 0/52       AC:  7    Str: 15    XL:     6   Next: 86%
Magic:  13/13      EV: 12    Int: 20    God:
Gold:   211        SH:  0    Dex:  9    Spells: 9/14 levels left

rFire    . . .     SeeInvis .   j - +1 dagger
rCold    . . .     Gourm    +   (no shield)
rNeg     . . .     Faith    .   (armour unavailable)
rPois    .         Spirit   .   a - +1 hat
rElec    .         Reflect  .   (no cloak)
rCorr    .         Harm     .   (no gloves)
MR       .....                  (no boots)
Stlth    ++........             u - amulet of the gourmand
HPRegen  0.17/turn              (no ring)
MPRegen  0.13/turn              (no ring)

@: mighty, very slightly contaminated, invisible
A: unfitting armour, cold-blooded, AC +6
a: no special abilities


You were on level 4 of the Dungeon.
You were completely stuffed.

You visited 1 branch of the dungeon, and saw 5 of its levels.
You also visited: Sewer.

You collected 211 gold pieces.

Inventory:

Hand Weapons
 g - a +0 blowgun
 j - a +1 dagger (weapon)
Missiles
 h - 163 stones (quivered)
 r - 8 curare-tipped needles
Armour
 a - a +1 hat (worn)
Jewellery
 o - an uncursed amulet of faith
 q - an uncursed ring of ice
 u - an amulet of the gourmand (around neck)
Scrolls
 b - 6 scrolls of teleportation
 e - a scroll of identify
 m - 2 scrolls of remove curse
 p - a scroll of fog {unknown}
Potions
 d - a potion of invisibility
 i - a potion of berserk rage {unknown}
 k - 2 potions of ambrosia
 l - a potion of curing
 n - 2 potions of might
 t - a potion of lignification {unknown}
Comestibles
 c - 4 rations
 f - 3 chunks of flesh


   Skills:
 + Level 4.1 Fighting
 + Level 2.4 Throwing
 - Level 2.0 Dodging
 - Level 1.7 Stealth
 + Level 4.9 Spellcasting
 - Level 2.0 Conjurations
 - Level 2.0 Summonings
 - Level 1.0 Translocations


You had 9 spell levels left.
You knew the following spells:

 Your Spells              Type           Power        Failure   Level  Hunger
a - Magic Dart            Conj           ##..         4%          1    None
b - Blink                 Tloc           N/A          12%         2    #......
c - Call Imp              Summ           ##......     8%          2    #......

Your spell library contained the following spells:

 Spells                   Type           Power        Failure   Level  Hunger
 Slow                     Hex            #.......     19%         2    #......
 Conjure Flame            Conj/Fire      #.......     22%         3    ##.....
 Mephitic Cloud           Conj/Pois/Air  #.......     26%         3    ##.....


Dungeon Overview and Level Annotations

Branches:
Dungeon (5/15)
 Temple: D:4-7

Altars:
Elyvilon
Nemelex Xobeh
Qazlal
Yredelemnul


Innate Abilities, Weirdness & Mutations

Your plain brown scales are hard. (AC +6)
You cannot fit into any form of body armour.
You are cold-blooded and may be slowed by cold attacks.


Message History

You hit the hound.
The hound is severely wounded.
The hound bites you but does no damage. The hound bites you.
* * * LOW HITPOINT WARNING * * *
The shadow imp barely misses you.
You closely miss the hound.
The hound is severely wounded.
The hound barely misses you. The shadow imp closely misses you.
It was a potion of might.
You feel very mighty all of a sudden. The hound barely misses you.
The hound bites you.
* * * LOW HITPOINT WARNING * * *
The shadow imp hits you.
* * * LOW HITPOINT WARNING * * *
You hit the hound.
The hound is almost dead.
The hound bites you.
* * * LOW HITPOINT WARNING * * *
The shadow imp hits you.
You die...

#.....##....###..###...####.####.
#'######..........#..............
..................#..............
.................<'..............
......(...........#..............
......##.(.#####+####............
......##...###...####...#########
...................#.....#
...............5@h.#.....#
#..........(.......#.....##
#.....≈≈≈..(#...##.##.....#
#....≈≈≈≈≈......#####..####
#....≈≈.≈≈......#.......#
#....≈≈≈≈≈......#.......#
#.....≈≈≈.......'.......#
#...............#.......#
###.........#...##...#..#


You could see a hound and a shadow imp.

Vanquished Creatures
  An ogre (D:4)
  A howler monkey (D:5)
  An orc priest (D:5)
  A bullfrog skeleton (D:4)
  2 iguanas
  8 adders
  An ooze (D:3)
  An adder skeleton (D:4)
  3 worms
  3 dart slugs
  3 leopard geckos (D:2)
  9 orcs
  3 ball pythons
  2 giant cockroaches (D:2)
  11 goblins
  6 hobgoblins
  5 jackals (Sewer)
  15 kobolds
  A quokka (D:4)
  11 bats
  7 frilled lizards
  A quokka skeleton (D:4)
  9 rats
  A plant (Sewer)
106 creatures vanquished.

Vanquished Creatures (collateral kills)
  An ogre (D:4)
  2 adders
  A worm (D:2)
  A giant cockroach (D:4)
  A bat (D:2)
  A frilled lizard (D:2)
7 creatures vanquished.

Grand Total: 113 creatures vanquished

Notes
Turn   | Place    | Note
-------+----------+-------------------------------------------
     0 | D:1      | LLavrengius the Draconian Wizard began the quest for the
                  | Orb.
     0 | D:1      | Reached XP level 1. HP: 14/14 MP: 4/4
   878 | D:1      | Reached XP level 2. HP: 15/20 MP: 6/6
   882 | D:1      | Learned a level 2 spell: Blink
   885 | D:1      | Learned a level 2 spell: Call Imp
  1491 | D:2      | Reached XP level 3. HP: 16/27 MP: 7/7
  1613 | D:2      | Found a faded altar of an unknown god.
  1677 | D:2      | Reached skill level 1 in Fighting
  2582 | D:2      | Reached XP level 4. HP: 21/35 MP: 9/9
  3383 | D:3      | Found a white marble altar of Elyvilon.
  3384 | D:3      | Found a sparkling altar of Nemelex Xobeh.
  3934 | D:3      | Reached XP level 5. HP: 42/42 MP: 7/11
  4043 | D:3      | Found a basalt altar of Yredelemnul.
  4043 | D:3      | Found a stormy altar of Qazlal.
  4183 | D:4      | Found a glowing drain.
  4216 | Sewer    | Entered a sewer
  5307 | D:4      | Noticed an ogre
  5322 | D:4      | Killed an ogre
  5322 | D:4      | Reached skill level 1 in Throwing
  5454 | D:4      | Noticed an ogre
  5600 | D:4      | Killed an ogre
  5600 | D:4      | Reached XP level 6. HP: 49/51 MP: 10/12
  5951 | D:5      | Entered Level 5 of the Dungeon
  6115 | D:4      | HP: 1/52 [hound (2)]
  6115 | D:4      | Slain by a shadow imp

Skill      XL: |  1  2  3  4  5  6 |
---------------+-------------------+-----
Dodging        | 2 |  2.0
Fighting       | 1 2 3 4 |  4.1
Summonings     | 2 |  2.0
Conjurations   | 2 |  2.0
Spellcasting   | 4 |  4.9
Throwing       | 1 2 |  2.4
Stealth        | |  1.7
Translocations | |  1.0

Action                   |  1- 3 |  4- 6 || total
-------------------------+-------+-------++-------
Melee: Unarmed           |    44 |       ||    44
       Dagger            |   167 |   498 ||   665
       Tailslap          |    19 |    46 ||    65
 Fire: Blowgun           |       |     8 ||     8
 Cast: Magic Dart        |    19 |    64 ||    83
       Call Imp          |     4 |     6 ||    10
  Use: Scroll            |       |     8 ||     8
       Potion            |       |     6 ||     6
 Stab: Sleeping          |     2 |       ||     2
  Eat: Chunk             |    11 |    22 ||    33
Armor: Skin              |    72 |   140 ||   212
Dodge: Dodged            |   136 |   332 ||   468
